 Dungeon Crawl Stone Soup version 0.30.1-11-g7821555f0a (webtiles) character file.

Game seed: 18341194750276928215

154300 Ijustatesigmund the Destroyer (level 17, -6/116 HPs)
             Began as a Gargoyle Earth Elementalist on Jan 15, 2024.
             Was a High Priest of Vehumet.
             Blown up by a great orb of eyes (35 damage)
             ... with a mindburst bolt
             ... on level 1 of the Vaults on Jan 16, 2024.
             The game lasted 01:34:31 (34648 turns).

Ijustatesigmund the Destroyer (GrEE)               Turns: 34648, Time: 01:34:31

Health: -6/116     AC: 37    Str: 13    XL:     17   Next: 32%
Magic:  1/30       EV:  9    Int: 23    God:    Vehumet [*****.]
Gold:   1874       SH: 16    Dex: 14    Spells: 19/42 levels left

rFire   + . .        F - +10 war axe of the Vestibule of Hell {vamp, rElec}
rCold   + + .        y - +0 tower shield "Owiwif" {rPois rC+ Dex+4}
rNeg    + . .        A - +3 ring mail {rPois}
rPois   ∞            p - +2 hat {Will+}
rElec   +            o - scarf {rC+ rF+}
rCorr   .            f - +2 pair of gloves
SInv    .            j - +1 pair of boots
Will    ++...        s - amulet of regeneration
Stlth   +            X - +4 ring of protection
HPRegen 1.19/turn    R - +4 ring of protection
MPRegen 0.22/turn

%: no passive effects
@: flying, contaminated, glowing, studying Summonings
A: sickness immunity, AC +12, big wings, negative energy resistance 1,
electricity resistance, torment resistance 1, petrification resistance, low MP
1, robust 1
}: 1/15 runes: decaying
a: Renounce Religion


You were on level 1 of the Vaults.
You worshipped Vehumet.
Vehumet was extremely pleased with you.
You visited 5 branches of the dungeon, and saw 26 of its levels.
You also visited: Ossuary and Bailey.

You collected 2034 gold pieces.
You spent 160 gold pieces at shops.

Inventory:

Hand Weapons
 F - the +10 war axe of the Vestibule of Hell (weapon) {vamp, rElec}
   (You found it on level 3 of the Lair of Beasts)

   rElec:     It insulates you from electricity.
Armour
 f - a +2 pair of gloves (worn)
 j - a +1 pair of boots (worn)
 m - a +3 buckler of reflection
 o - a scarf of resistance (worn)
 p - a +2 hat of willpower (worn)
 y - the +0 tower shield "Owiwif" (worn) {rPois rC+ Dex+4}
   (You found it on level 4 of the Dungeon)

   Dex:       It affects your dexterity (+4).
   rC:        It protects you from cold.
   rPois:     It protects you from poison.
 A - a +3 ring mail of poison resistance (worn)
Magical Staves
 C - a staff of conjuration
Jewellery
 s - an amulet of regeneration (around neck)
 B - a +4 ring of slaying
 R - a +4 ring of protection (right hand)
 U - a ring of wizardry
 X - a +4 ring of protection (left hand)
Wands
 a - a wand of quicksilver (15)
 q - a wand of flame (44)
 r - a wand of paralysis (3)
 O - a wand of roots (25)
 S - a wand of mindburst (16)
 W - a wand of digging (8)
Scrolls
 d - 11 scrolls of teleportation
 i - 2 scrolls of fear
 l - 5 scrolls of enchant weapon
 n - a scroll of amnesia
 D - 4 scrolls of magic mapping
 G - 2 scrolls of butterflies
 H - 4 scrolls of identify
 I - 4 scrolls of fog
 J - 4 scrolls of immolation
 K - 7 scrolls of poison
 Z - a scroll of torment
Potions
 b - 7 potions of magic
 c - 7 potions of attraction
 e - 4 potions of resistance
 h - 15 potions of curing
 k - 7 potions of flight
 t - 8 potions of brilliance
 u - 2 potions of invisibility
 v - 2 potions of lignification
 w - 5 potions of mutation
 z - 4 potions of haste
 E - 3 potions of might
Miscellaneous
 Q - a piece from Xom's chessboard (15/15)


   Skills:
 - Level 12.1 Fighting
 - Level 4.3(6.2) Axes
 - Level 7.5(8.2) Maces & Flails
 - Level 6.6 Armour
 - Level 5.1 Dodging
 - Level 2.1 Stealth
 - Level 10.0 Shields
 - Level 13.4 Spellcasting
 + Level 14.8 Conjurations
 - Level 5.0 Transmutations
 + Level 6.3 Fire Magic
 - Level 14.0 Earth Magic
 - Level 5.8 Evocations


You had 19 spell levels left.
You knew the following spells:

 Your Spells              Type           Power      Damage    Failure   Level
a - Sandblast             Erth           100%       2d20      1%          1
b - Stone Arrow           Conj/Erth      100%       3d13      1%          3
c - Passwall              Tmut/Erth      46%        N/A       1%          2
d - Iron Shot             Conj/Erth      34%        9d7       7%          6
e - Irradiate             Conj/Tmut      28%        3d21      8%          5
f - Starburst             Conj/Fire      29%        6d9       28%         6

Your spell library contained the following spells:

 Spells                   Type           Power      Damage    Failure   Level
 Plasma Beam              Fire/Air       14%        2x1d28    99%         6
 Magic Dart               Conj           100%       1d8       1%          1
 Searing Ray              Conj           100%       2d8       1%          2
 Iskenderun's Battlesphe  Conj           70%        2d12      1%          5
 Lee's Rapid Deconstruct  Erth           34%        3d17*     1%          5
 Dazzling Flash           Conj/Hex       98%        N/A       2%          3
 Fireball                 Conj/Fire      29%        3d13      6%          5
 Fulminant Prism          Conj/Hex       24%        3d12      8%          4
 Wereblood                Tmut           38%        N/A       12%         2
 Petrify                  Tmut/Erth      56%        N/A       12%         4
 Orb of Destruction       Conj           35%        9d10      28%         7
 Animate Armour           Summ/Erth      94%        N/A       32%         4
 Leda's Liquefaction      Hex/Erth       23%        N/A       32%         4
 Apportation              Tloc           30%        N/A       52%         1
 Necrotise                Necr           60%        1d7       52%         1
 Summon Small Mammal      Summ           60%        N/A       52%         1
 Conjure Ball Lightning   Conj/Air       24%        3x3d7     69%         6
 Gell's Gravitas          Tloc           15%        N/A       87%         3
 Ozocubu's Armour         Ice            15%        N/A       87%         3
 Summon Guardian Golem    Hex/Summ       15%        N/A       87%         3
 Teleport Other           Tloc           15%        N/A       87%         3
 Blade Hands              Tmut           19%        N/A       91%         5
 Spellforged Servitor     Conj/Summ      24%        N/A       99%         7
 Agony                    Necr           15%        N/A       100%        5
 Metabolic Englaciation   Hex/Ice        7%         N/A       100%        5
 Silence                  Hex/Air        7%         N/A       100%        5
 Dispersal                Tloc           7%         N/A       100%        6
 Simulacrum               Ice/Necr       7%         N/A       100%        6
 Summon Hydra             Summ           7%         N/A       100%        7
 Sublimation of Blood     Necr           Unusable   N/A       N/A         2
 Statue Form              Tmut/Erth      Unusable   N/A       N/A         6

Dungeon Overview and Level Annotations

Branches:
Dungeon (15/15)            Temple (1/1) D:7            Lair (5/5) D:9
  Swamp (4/4) Lair:2        Snake (0/4) Lair:3        Slime (0/5) Lair:4
    Orc (0/2) D:10         Vaults (1/5) D:13         Depths (0/4) D:15
Ossuary (visited)          Bailey (visited)

Altars:
Ashenzari
Cheibriados
Dithmenos
Elyvilon
Fedhas
Gozag
Hepliaklqana
Kikubaaqudgha
Makhleb
Nemelex Xobeh
Okawaru
Qazlal
Ru
Sif Muna
Trog
Uskayaw
Vehumet
Wu Jian
Xom
Yredelemnul
Zin
The Shining One
Jiyva

Shops:
D:1 ?   D:5 !   D:10 (

Annotations:
D:6 2 runed translucent doors, bimbombam's ghost, novice MiFi
Swamp:3 2 transporters


Innate Abilities, Weirdness & Mutations

You are immune to sickness and miasma.
Your stone body is resilient. (AC +12)
You are immune to poison.
Your large and strong wings let you fly.
You resist negative energy. (rN+)
You are resistant to electric shocks. (rElec)
You are resistant to unholy torment.
You are immune to petrification.
Your magical capacity is low. (-10% MP)
You are robust. (+10% HP)


Message History

You resist with almost no effort.
You slash the slime creature!
The slime creature is severely wounded.
You slash the great orb of eyes!
You feel better.
You hit the slime creature. You block the slime creature's attack.
The slime creature hits you. The great orb of eyes gazes at you.
Your mind is blasted!
The slime creature closely misses you.
You are too injured to fight recklessly!
You are too injured to fight recklessly!
You are too injured to fight recklessly!
You are too injured to fight recklessly!
You are too injured to fight recklessly!
Unknown command.
Casting: Starburst (dangerous; 30% risk of failure)
Confirm with . or Enter, or press ? or * to list all spells.
You erupt in a fountain of uncontrolled magic!
The great orb of eyes is blasted with magical radiation!!
The great orb of eyes is severely wounded.
The great orb of eyes twists and deforms.
The slime creature is blasted with magical radiation!!
The slime creature is severely wounded.
The slime creature is blasted with magical radiation!!
You kill the slime creature!
Vehumet accepts your kill.
You feel your power returning.
You are lightly contaminated with residual magic.
The slime creature hits you but does no damage.
You block the great orb of eyes's attack.
Casting: Irradiate (dangerous; 8% risk of failure)
Confirm with . or Enter, or press ? or * to list all spells.
Casting: Starburst (dangerous; 28% risk of failure)
Press: ? - help, Dir - look around, f - activate You miscast Starburst.
You are contaminated with residual magic.
Energy rips through your body!!
* * * LOW HITPOINT WARNING * * *
You block the slime creature's attack. The great orb of eyes gazes at you.
Your mind is blasted!
You die...

#....#......#
#....#......#
#....'......# .
#...['.∩....# ..#
#....#......+ .'.
#....#......# #..
#....#......#
#...#.G..###'####
#...'.J@........#
#...#...........#
#...#...........########
#.. #................YY.
#.. #..#########........
## #..# #........ #..#
#........ #..# #........
#........


You could see a great orb of eyes (misshapen) and a slime creature.

Vanquished Creatures
  Rupert (D:13)
  Jorgrun (Swamp:1)
  Mlioglotl (Swamp:2)
  A tentacled monstrosity (Swamp:3)
  Gastronok (D:12)
  2 thorn hunters
  The ghost of catyrpelius the Impaler, an adept MiBe of Trog (Swamp:4)
  A fenstrider witch (Swamp:3)
  Roxanne (Swamp:2)
  2 ironbound preservers
  Azrael (D:13)
  Nessos (D:13)
  2 eleionomae
  3 dire elephants (D:13)
  8 bunyips
  Josephine (Lair:5)
  12 hydras
  6 centaur warriors
  A merfolk avatar (Lair:5)
  2 catoblepae
  3 ghost crabs
  2 boulder beetles
  A two-headed ogre (D:9)
  8 alligators
  4 tengu warriors
  A spriggan berserker (Swamp:4)
  5 skysharks
  6 goliath frogs
  5 spriggan druids
  8 deep trolls
  An orb spider (shapeshifter) (D:13)
  2 fenstrider witch simulacra (Swamp:4)
  6 bog bodies
  13 swamp dragons
  A necromancer (D:15)
  A harpy (Lair:5)
  2 deep elf pyromancers
  4 lindwurms
  2 deep elf zephyrmancers
  2 orc sorcerers (D:15)
  3 spectral spriggans (Swamp:4)
  14 ugly things
  A will-o-the-wisp (Swamp:4)
  Maurice (D:11)
  7 cyclopes
  30 elephants
  3 manticores
  5 black mambas
  9 cane toads
  2 centaur skeletons (D:15)
  Maggie (Lair:2)
  An unseen horror (D:10)
  5 rime drakes
  2 tengu conjurers
  A freezing wraith (D:15)
  12 komodo dragons
  A wolf spider simulacrum (D:15)
  A troll (D:10)
  12 blink frogs
  13 hornets
  A polar bear (shapeshifter) (D:13)
  6 polar bears
  Grinder (D:4)
  7 tyrant leeches
  A snapping turtle (Lair:5)
  5 dream sheep (Lair:5)
  2 slime creatures (Vaults:1)
  15 spriggans
  A vampire (D:11)
  4 wraiths
  A basilisk (D:9)
  10 wyverns
  14 yaks
  2 fire elementals (D:13)
  4 steam dragons
  22 swamp worms
  4 spriggan simulacra (Swamp:4)
  A death drake simulacrum (Swamp:4)
  An acid dragon (D:10)
  16 water moccasins
  2 hell hounds (D:13)
  Pargi (D:4)
  14 swamp drakes
  5 black bears
  2 orc warriors
  3 sky beasts
  2 ogres
  18 wolves
  11 centaurs
  2 phantoms (D:4)
  7 bullfrogs
  A scorpion (D:5)
  13 wights
  2 water moccasin zombies (Ossuary)
  3 howler monkeys
  3 electric eels
  3 centaur zombies
  2 bullfrog zombies (D:7)
  4 jellies
  10 orc priests
  7 hounds
  2 sleepcaps
  A gnoll bouda (D:5)
  Jessica (D:2)
  4 iguanas
  15 orc wizards
  Natasha (thrice) (D:2)
  A killer bee zombie (D:7)
  2 mummies (Ossuary)
  Robin (D:2)
  2 howler monkey zombies (D:7)
  22 gnolls
  7 adders
  2 white imps
  An ufetubus (D:5)
  9 adder zombies (Ossuary)
  2 worms
  4 dart slugs
  76 orcs
  3 bats
  11 endoplasms
  A giant cockroach (D:1)
  4 gnoll zombies (Ossuary)
  A goblin (shapeshifter) (D:13)
  30 goblins
  7 hobgoblins
  7 jackals
  5 quokkas
  6 ball pythons
  4 frilled lizards
  6 hobgoblin zombies (Ossuary)
  6 kobolds
  5 kobold zombies (Ossuary)
  5 orc zombies (Ossuary)
  9 rats
  A spectral hobgoblin (D:12)
  A butterfly (Swamp:4)
750 creatures vanquished.

Vanquished Creatures (others)
  A bloated husk (Swamp:1)
  A swamp worm (Swamp:1)
  A swamp drake (Swamp:4)
  8 foxfires (Swamp:4)
  2 starspawn tentacles (Swamp:2)
13 creatures vanquished.

Grand Total: 763 creatures vanquished

Notes
Turn   | Place    | Note
-------+----------+-------------------------------------------
     0 | D:1      | Ijustatesigmund the Gargoyle Earth Elementalist began the
                  | quest for the Orb.
     0 | D:1      | Reached XP level 1. HP: 10/10 MP: 3/3
   236 | D:1      | Reached XP level 2. HP: 16/16 MP: 1/5
   426 | D:1      | Reached skill level 1 in Fighting
  1032 | D:1      | You fall into a shaft and drop 1 floor!
  1033 | D:2      | Found a faded altar of an unknown god.
  1110 | D:1      | Found The Oracle's Delphic Readings.
  1114 | D:1      | Bought a scroll of fear for 40 gold pieces
  1257 | D:1      | Reached XP level 3. HP: 20/20 MP: 4/6
  1628 | D:1      | Learned a level 3 spell: Stone Arrow
  1731 | D:2      | Noticed Robin
  2362 | D:2      | Killed Robin
  2412 | D:2      | Noticed Jessica
  2417 | D:2      | Killed Jessica
  2418 | D:2      | Reached skill level 1 in Conjurations
  2418 | D:2      | Reached XP level 4. HP: 26/26 MP: 6/8
  2759 | D:2      | Noticed Natasha
  2765 | D:2      | Killed Natasha
  2766 | D:2      | Reached XP level 5. HP: 24/31 MP: 3/9
  3089 | D:2      | Noticed Natasha
  3098 | D:2      | Killed Natasha
  3285 | D:2      | Noticed Natasha
  3288 | D:2      | Killed Natasha
  3621 | D:3      | Reached skill level 5 in Earth Magic
  3783 | D:3      | Reached XP level 6. HP: 37/37 MP: 7/10
  4341 | D:4      | Noticed Pargi
  4345 | D:4      | Reached XP level 7. HP: 38/42 MP: 10/12
  4348 | D:4      | Killed Pargi
  4837 | D:4      | Noticed Grinder
  4847 | D:4      | Killed Grinder
  4848 | D:4      | Reached XP level 8. HP: 38/48 MP: 1/14
  5649 | D:4      | Identified the +0 tower shield "Owiwif" {rPois rC+ Dex+4}
  5688 | D:5      | Entered Level 5 of the Dungeon
  5695 | D:5      | Reached skill level 5 in Fighting
  6410 | D:5      | Reached skill level 1 in Maces & Flails
  6410 | D:5      | Reached skill level 5 in Conjurations
  6739 | D:5      | Reached skill level 5 in Spellcasting
  6739 | D:5      | Reached skill level 1 in Evocations
  6956 | D:5      | Found Booruet's Distillery.
  6963 | D:5      | Bought a potion of haste for 120 gold pieces
  7216 | D:6      | Reached XP level 9. HP: 53/54 MP: 1/17
  7429 | D:6      | Found a large runed translucent door.
  7429 | D:6      | Found a large runed translucent door.
  7430 | D:6      | Noticed bimbombam's ghost (novice MiFi)
  9907 | D:7      | Found a basalt altar of Yredelemnul.
 10190 | D:7      | Found a staircase to the Ecumenical Temple.
 10200 | Temple   | Entered the Ecumenical Temple
 10236 | Temple   | Became a worshipper of Vehumet
 10287 | D:7      | Found a sparkling altar of Nemelex Xobeh.
 10935 | D:8      | Learned a level 2 spell: Passwall
 10946 | D:8      | Found a flagged portal.
 10964 | Bailey   | Entered a bailey
 11008 | Bailey   | Reached skill level 1 in Armour
 11121 | Bailey   | Reached * piety under Vehumet
 11121 | Bailey   | Offered knowledge of Magic Dart by Vehumet.
 11245 | Bailey   | Reached XP level 10. HP: 59/59 MP: 14/19
 11556 | Bailey   | Reached skill level 5 in Armour
 11556 | Bailey   | Reached skill level 10 in Earth Magic
 11556 | Bailey   | Reached skill level 5 in Evocations
 11556 | Bailey   | Reached XP level 11. HP: 63/63 MP: 19/22
 11577 | D:8      | Found a sand-covered staircase.
 11582 | Ossuary  | Entered an ossuary
 11714 | Ossuary  | Reached ** piety under Vehumet
 11714 | Ossuary  | Offered knowledge of Kiss of Death by Vehumet.
 12306 | D:8      | Offered knowledge of Poisonous Vapours by Vehumet.
 12502 | D:9      | Noticed a two-headed ogre
 12510 | D:9      | Killed a two-headed ogre
 12511 | D:9      | Reached skill level 5 in Maces & Flails
 12679 | D:9      | Gained mutation: You are dopey. (Int -2) [potion of
                  | mutation]
 12679 | D:9      | Gained mutation: You do not regenerate when monsters are
                  | visible. [potion of mutation]
 12758 | D:8      | Lost mutation: You do not regenerate when monsters are
                  | visible. [potion of mutation]
 12758 | D:8      | Lost mutation: You are dopey. (Int -2) [potion of mutation]
 12758 | D:8      | Gained mutation: Your magical capacity is low. (-10% MP)
                  | [potion of mutation]
 12758 | D:8      | Gained mutation: You are robust. (+10% HP) [potion of
                  | mutation]
 12955 | D:9      | Reached *** piety under Vehumet
 13153 | D:9      | Found a staircase to the Lair.
 13309 | D:10     | Entered Level 10 of the Dungeon
 14174 | D:10     | Found Onukaekh's Antique Weapon Emporium.
 14261 | D:10     | Found a snail-covered altar of Cheibriados.
 14302 | D:10     | Reached skill level 1 in Shields
 14735 | D:10     | Found a staircase to the Orcish Mines.
 14908 | D:10     | Offered knowledge of Iskenderun's Mystic Blast by Vehumet.
 15163 | D:11     | Noticed Maurice
 15166 | D:11     | Paralysed by Maurice for 4 turns
 15186 | D:11     | Killed Maurice
 15228 | D:11     | Noticed a boulder beetle
 15228 | D:11     | Noticed a centaur warrior
 15228 | D:11     | Noticed a catoblepas
 15233 | D:11     | Killed a catoblepas
 15234 | D:11     | Reached skill level 5 in Shields
 15234 | D:11     | Reached skill level 1 in Transmutations
 15243 | D:11     | Killed a centaur warrior
 15247 | D:11     | Killed a boulder beetle
 15248 | D:11     | Reached XP level 12. HP: 60/78 MP: 6/21
 15597 | D:11     | Identified the +7 longbow "Pilyttex" {speed, Str+2}
 16586 | D:12     | Noticed Gastronok
 16599 | D:12     | Killed Gastronok
 17074 | D:12     | Found a hazy altar of Hepliaklqana.
 17084 | D:12     | Reached **** piety under Vehumet
 17187 | D:13     | Noticed a tengu warrior
 17187 | D:13     | Noticed a tengu warrior
 17196 | D:13     | Killed a tengu warrior
 17207 | D:13     | Killed a tengu warrior
 17444 | D:13     | Noticed an eight-headed hydra
 17447 | D:13     | Noticed a tengu warrior
 17453 | D:13     | Killed an eight-headed hydra
 17459 | D:13     | Killed a tengu warrior
 17461 | D:13     | Found a gate to the Vaults.
 17461 | D:13     | Noticed a centaur warrior
 17534 | D:13     | Noticed an ice dragon
 17536 | D:13     | an ice dragon changed into a satyr
 17536 | D:13     | Noticed a satyr (glowing shapeshifter)
 17538 | D:13     | a satyr changed into a two-headed ogre
 17538 | D:13     | Noticed a two-headed ogre (glowing shapeshifter)
 17539 | D:13     | a two-headed ogre changed into a steelbarb worm
 17550 | D:13     | Offered knowledge of Flame Wave by Vehumet.
 17765 | D:13     | Killed a centaur warrior
 17866 | D:13     | Reached XP level 13. HP: 85/85 MP: 14/23
 18072 | D:13     | Noticed Azrael
 18091 | D:13     | Killed Azrael
 18439 | D:13     | Noticed Nessos
 18447 | D:13     | Killed Nessos
 18532 | D:13     | Noticed Rupert
 18861 | D:14     | Identified the +6 long sword of the Wraith {drain, rF+}
 18869 | D:14     | Learned a level 6 spell: Iron Shot
 19384 | D:14     | Reached skill level 10 in Conjurations
 19942 | D:13     | Killed Rupert
 20247 | Lair:1   | Entered Level 1 of the Lair of Beasts
 21113 | Lair:1   | Found an opulent altar of Gozag.
 22397 | Lair:2   | Noticed Maggie
 22403 | Lair:2   | Killed Maggie
 22516 | Lair:2   | Found a staircase to the Swamp.
 22635 | Lair:3   | Gained mutation: Your large and strong wings let you fly.
                  | [Gargoyle growth]
 22635 | Lair:3   | Reached XP level 14. HP: 85/92 MP: 23/24
 22681 | Lair:2   | Reached ***** piety under Vehumet
 22758 | Lair:3   | Offered knowledge of Eringya's Noxious Bog by Vehumet.
 22810 | Lair:3   | Identified the +10 war axe of the Vestibule of Hell {vamp,
                  | rElec}
 22855 | Lair:3   | Found a staircase to the Snake Pit.
 23006 | Lair:3   | Reached skill level 1 in Axes
 23045 | Lair:3   | Reached skill level 10 in Spellcasting
 24224 | Lair:4   | Found a staircase to the Slime Pits.
 24225 | Lair:4   | Found a viscous altar of Jiyva.
 24420 | Lair:5   | Entered Level 5 of the Lair of Beasts
 24486 | Lair:5   | Offered knowledge of Freezing Cloud by Vehumet.
 24527 | Lair:5   | Found the +8 trident of the Octopus King {venom, rElec
                  | rPois}
 24609 | Lair:5   | Reached XP level 15. HP: 86/97 MP: 26/26
 24831 | Lair:5   | Noticed Josephine
 24844 | Lair:5   | Killed Josephine
 24866 | Lair:5   | Found a burning altar of Makhleb.
 25499 | Swamp:1  | Entered Level 1 of the Swamp
 25555 | Swamp:1  | Noticed Jorgrun
 25565 | Swamp:1  | HP: 3/97 [constriction (12)]
 25672 | Swamp:1  | Killed Jorgrun
 26561 | Swamp:2  | Noticed Mlioglotl
 26569 | Swamp:2  | Noticed a tentacled starspawn
 26676 | Swamp:2  | Killed Mlioglotl
 26676 | Swamp:2  | Offered knowledge of Irradiate by Vehumet.
 26895 | Swamp:2  | Noticed Roxanne
 26926 | Swamp:2  | Noticed a fenstrider witch
 27029 | Swamp:3  | Paralysed by a fenstrider witch for 2 turns
 27036 | Swamp:3  | Killed a fenstrider witch
 27037 | Swamp:3  | Reached skill level 10 in Fighting
 27140 | Swamp:2  | Reached skill level 5 in Dodging
 27274 | Swamp:2  | Killed Roxanne
 27990 | Swamp:3  | Found a transporter.
 28009 | Swamp:3  | Found a transporter.
 28013 | Swamp:3  | Noticed a thorn hunter
 28019 | Swamp:3  | Killed a thorn hunter
 28657 | Swamp:3  | Noticed a tentacled monstrosity
 28671 | Swamp:3  | Killed a tentacled monstrosity
 28672 | Swamp:3  | Reached XP level 16. HP: 60/107 MP: 0/28
 28864 | Swamp:3  | Identified the +0 plate armour "Roelued" {Dex+3}
 29200 | Swamp:4  | Entered Level 4 of the Swamp
 29310 | Swamp:4  | Found a runed translucent gate.
 29311 | Swamp:4  | Found a runed translucent gate.
 29313 | Swamp:4  | Found a runed translucent gate.
 29318 | Swamp:4  | Noticed catyrpelius's ghost (adept MiBe)
 29955 | Swamp:3  | Reached skill level 10 in Shields
 30952 | Swamp:4  | Learned a level 5 spell: Irradiate
 30961 | Swamp:4  | Offered knowledge of Starburst by Vehumet.
 31172 | Swamp:4  | Noticed a thorn hunter
 31177 | Swamp:4  | Killed a thorn hunter
 31455 | Swamp:4  | Noticed a thorn hunter
 31935 | Swamp:4  | Got a decaying rune of Zot
 32095 | Swamp:4  | Killed catyrpelius's ghost
 32535 | D:15     | Entered Level 15 of the Dungeon
 32904 | D:15     | Reached skill level 5 in Transmutations
 33330 | D:14     | Learned a level 6 spell: Starburst
 33334 | D:15     | Reached skill level 1 in Fire Magic
 33437 | D:15     | Reached XP level 17. HP: 104/116 MP: 13/30
 34062 | D:15     | Found a staircase to the Depths.
 34157 | Vaults:1 | Entered Level 1 of the Vaults
 34169 | Vaults:1 | Reached skill level 5 in Fire Magic
 34598 | Vaults:1 | Offered knowledge of Plasma Beam by Vehumet.
 34648 | Vaults:1 | Blown up by a great orb of eyes

Illustrated notes

Levels and vault maps discovered:
D:1:      dpeg_arrival_snail, layout_loops_corners, nicolae_nh_oracle_at_delphi
D:2:      layout_basic, ebering_ecumenical_altar_rust, st_stairs_10,
          uniq_natasha, uniq_jessica, uniq_robin
D:3:      layout_rooms, kennysheep_doodads
D:4:      minmay_wonky_spiral, layout_basic, chequers_serial_rivers_marsh,
          chequers_hall_statues_corner_a, dreamdust_wishing_well, uniq_pargi,
          uniq_grinder
D:5:      layout_loops_ring, serial_shops, kennysheep_little_box,
          minmay_ogre_servants
D:6:      layout_layer_cave, ebering_ghost_disaster_area,
          kennysheep_generic_room_4
D:7:      layout_loops_cross, nicolae_yredelemnul_corpse_copse,
          lemuel_doored_altar, temple_doors_e
D:8:      layout_rooms, enter_bailey_3, enter_ossuary_2, dk_vineyard_2
D:9:      layout_stronghold, erik_lair_dragon
D:10:     layout_long_grid, mainiacjoe_overflow_alcove_2, orc_0_dummy,
          serial_shops, nicolae_stop_n_shop_1, roderic_roman_lattice
D:11:     minmay_shrinking_squares, layout_gridville, uniq_maurice
D:12:     layout_cave_pools, nicolae_hepliaklqana_monster_ancestors,
          uniq_gastronok
D:13:     layout_loops_ring, david_vaults_2, grunt_decor_junction,
          corexii_hall_statues_x, uniq_rupert, uniq_nessos, uniq_azrael
D:14:     layout_long_grid, grunt_decor_one_mirror
D:15:     grunt_enter_depths_magical_seal, layout_long_grid
Temple:   hellmonk_temple_of_storms
Lair:1:   layout_chaotic_city, basic_altar, chequers_serial_rivers_micro_c,
          pdpol_lair_neglected_garden, beast_lair_carwin_3, serial_bayou_shore_b
Lair:2:   layout_hall_layers, minmay_swamp_entry_worms, lemuel_fruit_tree,
          serial_bayou_shore_a, uniq_maggie
Lair:3:   layout_loops_ring, minmay_snake_entry_six_corridors, st_stairs_6,
          serial_bayou_crossing, infiniplex_staircase_pool_2
Lair:4:   layout_gridlike, nicolae_slime_entry_field_trip,
          grunt_forest_small_clearing_treed, grunt_megastairs_4
Lair:5:   gammafunk_lair_ancient_temple, layout_hall_layers, basic_altar,
          ldierk_geyser, serial_bayou_pond_e, serial_bayou_pond_b,
          uniq_josephine
Swamp:1:  layout_falls_marsh, evilmike_swamp_ruin_wall, uniq_jorgrun
Swamp:2:  layout_basic_swamp, evilmike_swamp_ruin_house_6, swamp_pool3,
          uniq_roxanne, uniq_mlioglotl
Swamp:3:  gammafunk_worm_tunnel, layout_falls_marsh,
          evilmike_swamp_ruin_rubble_2, swamp_pool5
Swamp:4:  swamp_basic_johnstein, layout_basic_swamp, gammafunk_ghost_necromancy,
          nicolae_swamp_frolicking_bunyips
Vaults:1: vaults_standard_mumra_enter_the_diamond, hangedman_vaults_hat,
          v_misc_12, nicolae_vaults_hexular_roomagon,
          nicolae_vaults_closet_pinwheel_5, v_misc_10, nicolae_vaults_six-pack,
          nicolae_vaults_little_squares_2, nicolae_vaults_theta,
          grunt_vaults_focal, nicolae_vaults_enemy_cabinets,
          layout_vaults_big_room

Skill      XL: |  1  2  3  4  5  6  7  8  9 10 11 12 13 14 15 16 17 |
---------------+----------------------------------------------------+-----
Fighting       | 1 2 3 4 5 6 8 10 12 | 12.1
Earth Magic    | 4 5 6 7 8 10 12 13 14 | 14.0
Conjurations   | 1 2 3 4 5 6 8 9 11 13 14 | 14.8
Spellcasting   | 3 4 5 6 7 8 9 10 11 13 | 13.4
Maces & Flails | 2 4 5 7 |  7.5
Evocations     | 2 3 5 |  5.8
Armour         | 1 5 6 |  6.6
Shields        | 6 7 8 10 | 10.0
Transmutations | 2 4 5 |  5.0
Dodging        | 2 5 |  5.1
Axes           | 3 4 |  4.3
Fire Magic     | 2 6 |  6.3
Stealth        | |  2.1

Action                     |  1- 3 |  4- 6 |  7- 9 | 10-12 | 13-15 | 16-18 || total
---------------------------+-------+-------+-------+-------+-------+-------++-------
  Melee: Club              |    12 |       |       |       |       |       ||    12
         Whip              |       |     8 |       |       |       |       ||     8
         Flail             |       |    30 |   267 |   339 |       |       ||   636
         Punch             |       |       |     3 |     5 |       |       ||     8
         Mace              |       |       |       |    55 |   250 |       ||   305
         War axe           |       |       |       |       |   815 |   493 ||  1308
   Cast: Sandblast         |    43 |    90 |    61 |    19 |    24 |       ||   237
         Stone Arrow       |       |       |    99 |   139 |   164 |     8 ||   410
         Passwall          |       |       |     1 |       |       |       ||     1
         Iron Shot         |       |       |       |       |    24 |    99 ||   123
         Irradiate         |       |       |       |       |       |    10 ||    10
         Starburst         |       |       |       |       |       |     3 ||     3
  Evoke: Wand              |       |       |       |    10 |    23 |    19 ||    52
    Use: Scroll            |     1 |       |    15 |     7 |    12 |     5 ||    40
         Potion            |       |       |       |     4 |    16 |     7 ||    27
   Stab: Sleeping          |       |       |     2 |     6 |       |       ||     8
         Invisible         |       |       |       |       |     7 |     1 ||     8
         Confused          |       |       |       |       |     3 |       ||     3
         Petrifying        |       |       |       |       |     1 |       ||     1
 Armour: Robe              |    24 |    52 |   228 |       |       |       ||   304
         Leather armour    |       |       |    30 |   295 |    50 |       ||   375
         Ring mail         |       |       |       |       |  1396 |   631 ||  2027
         Skin              |       |       |       |       |       |     7 ||     7
  Dodge: Dodged            |    40 |    71 |   272 |   298 |   705 |   279 ||  1665
  Block: Tower shield      |       |       |       |   159 |  1521 |   675 ||  2355
         Buckler           |       |       |       |       |       |    18 ||    18
         Reflection        |       |       |       |       |       |     1 ||     1
